 Dungeon Crawl Stone Soup version 0.31-a0-627-gd65175cf8b (webtiles) character file.

Game seed: 10779833853868696570

87 Ijustatesigmund the Trooper (level 4, -4/42 HPs)
             Began as a Hill Orc Fighter on Aug 25, 2023.
             Slain by a gnoll
             ... wielding a +2 halberd of protection
              (12 damage)
             ... on level 2 of the Dungeon.
             The game lasted 00:02:17 (1124 turns).

Ijustatesigmund the Trooper (Hill Orc Fighter)      Turns: 1124, Time: 00:02:18

Health: -4/42      AC:  8    Str: 15 (18) XL:     4   Next: 51%
Magic:  4/4        EV:  8    Int: 14 (16) God:
Gold:   80         SH:  4    Dex:  7 (10) Spells: 3/3 levels left

rFire   . . .        a - +0 war axe
rCold   . . .        c - +0 buckler
rNeg    . . .        b - +0 scale mail
rPois   .            k - +0 helmet
rElec   .            (no cloak)
rCorr   .            (no gloves)
SInv    .            (no boots)
Will    .....        (no amulet) Stlth
                     e - +6 ring of intelligence
HPRegen 0.27/turn    (no ring)
MPRegen 0.09/turn

%: no passive effects
@: brilliant
A: no striking features
a: no special abilities


You were on level 2 of the Dungeon.
You visited 1 branch of the dungeon, and saw 2 of its levels.

You collected 80 gold pieces.

Inventory:

Hand Weapons
 a - a +0 war axe (weapon)
Armour
 b - a +0 scale mail (worn)
 c - a +0 buckler (worn)
 k - a +0 helmet (worn)
Jewellery
 e - a +6 ring of intelligence (left hand)
Scrolls
 d - a scroll of identify {unknown}


   Skills:
 + Level 5.1 Fighting
 + Level 4.7 Axes
 - Level 3.2 Armour
 - Level 3.2 Shields


You had 3 spell levels left.
You didn't know any spells.
Your spell library was empty.

Dungeon Overview and Level Annotations

Branches:
Dungeon (2/15)

Altars:


Message History

You are held in a net!
You are held in a net!
You are held in a net!
You are held in a net!
You are held in a net!
You are held in a net!
You are held in a net!
You are held in a net!
You are held in a net!
You are held in a net!
You struggle against the net.
An endoplasm comes into view.
You struggle against the net.
The gnoll hits you from afar with a +2 halberd of protection!
You shred the net and break free! The gnoll closely misses you.
The gnoll hits you with a +2 halberd of protection!
You barely miss the gnoll.
The gnoll hits you with a +2 halberd of protection.
The gnoll misses you.
You closely miss the gnoll. You slash the endoplasm!
You kill the endoplasm!
The gnoll hits you with a +2 halberd of protection!
* * * LOW HITPOINT WARNING * * *
You aren't carrying any items that you can evoke.
It was a potion of brilliance.
You feel clever all of a sudden.
The gnoll hits you with a +2 halberd of protection.
* * * LOW HITPOINT WARNING * * *
It was a potion of degeneration.
There was something very wrong with that liquid.
You feel weakened.
You feel dopey.
You feel clumsy.
The gnoll hits you with a +2 halberd of protection.
* * * LOW HITPOINT WARNING * * *
You slash the gnoll!
The gnoll is severely wounded.
The gnoll hits you but does no damage.
You closely miss the gnoll.
The gnoll is severely wounded.
The gnoll hits you with a +2 halberd of protection!
You die...

.......#....# #.#
.......#.##.### #..
.......#.##...## #.#
.........####..# ..
.......### ##.#### #
....... ##....###.# ..
#...?.....## #.. ...
#..........# #..
#..)@†...... ...##
#..g.......### #...#
#................##.#.#
..##........#.##..#.#.##
# #.........#.# #.......
...........#. ###.....
.........####. #.......
##.##....# #. #.##....
#.###.##....


You could see a gnoll.

Vanquished Creatures
  3 gnolls (D:2)
  2 adders (D:2)
  A dart slug (D:1)
  2 bats
  3 endoplasms
  2 giant cockroaches (D:2)
  3 goblins (D:1)
  5 hobgoblins
  A jackal (D:1)
  A quokka (D:1)
  3 ball pythons
  A frilled lizard (D:1)
  8 kobolds
  3 rats (D:1)
38 creatures vanquished.

Notes
Turn   | Place    | Note
-------+----------+-------------------------------------------
     0 | D:1      | Ijustatesigmund the Hill Orc Fighter began the quest for
                  | the Orb.
     0 | D:1      | Reached XP level 1. HP: 19/19 MP: 1/1
   169 | D:1      | Reached XP level 2. HP: 27/27 MP: 2/2
   171 | D:1      | Reached skill level 4 in Fighting
   464 | D:1      | Reached XP level 3. HP: 34/34 MP: 3/3
   921 | D:2      | Reached XP level 4. HP: 11/41 MP: 4/4
  1061 | D:2      | Reached skill level 5 in Fighting
  1124 | D:2      | Slain by a gnoll

Illustrated notes

Levels and vault maps discovered:
D:1:      dpeg_arrival_windows_large_door, layout_basic, st_stairs_6
D:2:      layout_rooms, minmay_misc_feat_secret_circle, minmay_ruptured

Skill      XL: |  1  2  3  4 |
---------------+-------------+-----
Axes           | 3 4 |  4.7
Fighting       | 4 5 |  5.1
Armour         | |  3.2
Shields        | |  3.2

Action                     |  1- 3 |  4- 6 || total
---------------------------+-------+-------++-------
  Melee: War axe           |    76 |    20 ||    96
    Use: Potion            |     1 |     2 ||     3
         Scroll            |       |     3 ||     3
 Armour: Scale mail        |    41 |     3 ||    44
  Dodge: Dodged            |    35 |    14 ||    49
  Block: Buckler           |    23 |     4 ||    27

Table legend: (Time is in decaauts)
 A = Elapsed time spent in this place.
 B = Non-inter-level travel time spent in this place.
 C = Inter-level travel time spent in this place.
 D = Time resting spent in this place.
 E = Time spent auto-exploring this place.
 F = Levels seen in this place.
 G = Mean time per level.
                   A        B        C        D        E       F      G
               +--------+--------+--------+--------+--------+-----+--------+
         Total |   1158 |   1117 |     41 |     94 |    762 |   2 |  579.0 |
       Dungeon |   1158 |   1117 |     41 |     94 |    762 |   2 |  579.0 |
               +--------+--------+--------+--------+--------+-----+--------+

Top non-repeatable levels by time:
     D:1: 802 daAuts
     D:2: 355 daAuts
